 Dungeon Crawl Stone Soup version 0.30-a0-535-g2c0b3469a7 (webtiles) character file.

Game seed: 10488247263469080474

107 Bnni the Vexing (level 5, -2/36 (38) HPs)
             Began as a Formicid Hexslinger on Dec 25, 2022.
             Slain by an orc wizard
             ... wielding a +0 dagger
              (3 damage)
             ... on level 3 of the Dungeon.
             The game lasted 00:03:29 (2160 turns).

Bnni the Vexing (Formicid Hexslinger)               Turns: 2160, Time: 00:03:29

HP:   -2/36 (38)    AC:  5    Str: 15    XL:     5   Next: 10%
MP:   8/8           EV: 12    Int: 14    God:
Gold: 145           SH:  0    Dex: 14    Spells: 4/8 levels left

rFire   . . .      SeeInvis +    q - +0 longbow
rCold   . . .      Faith    .    (no shield)
rNeg    . . .      Spirit   .    c - +0 robe
rPois   .          Reflect  .    (helmet unavailable)
rElec   .          Harm     .    p - +0 cloak
rCorr   .          Rampage  .    h - +1 pair of gloves
Will    +....                    (no boots)
Stlth   +                        (no amulet)
HPRegen 0.26/turn                t - ring of willpower
MPRegen 0.11/turn                (no ring)

@: drained
A: permanent stasis, dig shafts and tunnels, antennae 3, four strong arms
a: Dig, Shaft Self


You were on level 3 of the Dungeon.
You visited 1 branch of the dungeon, and saw 3 of its levels.

You collected 145 gold pieces.

Inventory:

Hand Weapons
 q - a +0 longbow (weapon)
Missiles
 f - 3 poisoned darts
Armour
 c - a +0 robe (worn)
 h - a +1 pair of gloves (worn)
 p - a +0 cloak (worn)
Jewellery
 t - a ring of willpower (left hand)
Wands
 s - a wand of charming (9)
Scrolls
 b - a scroll of poison
 e - a scroll of magic mapping {unknown}
 g - a scroll of brand weapon {unknown}
 i - a scroll of teleportation {unknown}
 k - a scroll of enchant weapon {unknown}
 n - 4 scrolls of identify {unknown}
 r - 2 scrolls of fog {unknown}
Potions
 a - a potion of heal wounds {unknown}
 d - 2 potions of brilliance {unknown}
 j - 2 potions of flight {unknown}
 l - 2 potions of lignification {unknown}
 m - 2 potions of curing {unknown}
 o - a potion of mutation {unknown}


   Skills:
 + Level 2.2 Fighting
 * Level 3.2 Ranged Weapons
 - Level 1.7 Dodging
 + Level 2.0 Spellcasting
 * Level 4.7 Hexes


You had 4 spell levels left.
You knew the following spells:

 Your Spells              Type           Power      Damage    Failure   Level
a - Slow                  Hex            56%        N/A       3%          1
b - Inner Flame           Hex/Fire       8%         N/A       26%         3

Your spell library contained the following spells:

 Spells                   Type           Power      Damage    Failure   Level
 Confusing Touch          Hex            14%        N/A       10%         3
 Kiss of Death            Conj/Necr      4%         2d5       24%         1
 Summon Small Mammal      Summ           4%         N/A       24%         1
 Portal Projectile        Hex/Tloc       16%        N/A       26%         3
 Summon Guardian Golem    Hex/Summ       8%         N/A       26%         3
 Cause Fear               Hex            7%         N/A       32%         4
 Call Canine Familiar     Summ           1%         N/A       56%         3
 Dispel Undead            Necr           1%         3d6       93%         4


Dungeon Overview and Level Annotations

Branches:
Dungeon (3/15)

Altars:
Nemelex Xobeh


Innate Abilities, Weirdness & Mutations

You cannot be hasted, slowed, berserked, paralysed or teleported.
You can dig through walls and to a lower floor.
You have a pair of large antennae on your head. (SInv)
Your four strong arms can wield two-handed weapons with a shield.


Message History

You shoot an arrow. The arrow closely misses the goblin.
You feel very sick.
You hear a shout!
The goblin hits you with a +0 club.
You shoot an arrow. The arrow barely misses the goblin.
You feel sick. The goblin barely misses you. The goblin closely misses you.
You shoot an arrow. The arrow hits the goblin.
You kill the goblin!
You feel sick.
You shoot an arrow. The arrow barely misses the orc priest.
You feel sick.
An orc wizard comes into view. It is wielding a +0 dagger.
The orc priest hits you with a +0 hand axe.
You shoot an arrow.
The arrow hits the orc priest but does no damage.
You feel sick.
You are no longer poisoned.
The orc priest hits you with a +0 hand axe.
* * * LOW HITPOINT WARNING * * *
The orc wizard hits you with a +0 dagger.
* * * LOW HITPOINT WARNING * * *
The orc wizard misses you. The orc priest closely misses you.
Unknown command.
You extend your mandibles.
You dig through the rock wall.
You feel drained.
The orc priest attacks as you move away!
The orc priest closely misses you.
You retract your mandibles.
You shoot an arrow. The arrow hits the orc wizard.
The orc wizard is moderately wounded.
The orc wizard misses you.
Unknown command.
You shoot an arrow. The arrow hits the orc wizard.
The orc wizard is moderately wounded.
The orc wizard gestures at you while chanting.
The magic dart hits you.
* * * LOW HITPOINT WARNING * * *
The orc wizard closely misses you.
The orc wizard hits you with a +0 dagger.
* * * LOW HITPOINT WARNING * * *
The orc wizard hits you with a +0 dagger.
You die...

#####
#.#.############
#..............#
#.#.)..........#
#.#.##############
#.#.# ... #.#.#
##.#
#.#.#########@o#
#>..........o#.#
#...##.#....)).#
#...##†#.....#..#
##..##.#.......)#
#..##.#.###.##...
#....)...<........
##.#....#......##.#
#......#......# ...


You could see 2 orc wizards.

Vanquished Creatures
  4 adders (D:2)
  2 worms
  2 dart slugs (D:2)
  An orc (D:3)
  9 bats
  5 endoplasms
  A giant cockroach (D:2)
  8 goblins
  5 hobgoblins
  3 kobolds
  4 quokkas
  4 ball pythons
  A frilled lizard (D:3)
  6 rats
55 creatures vanquished.

Notes
Turn   | Place    | Note
-------+----------+-------------------------------------------
     0 | D:1      | Bnni the Formicid Hexslinger began the quest for the Orb.
     0 | D:1      | Reached XP level 1. HP: 15/15 MP: 2/2
    90 | D:1      | Reached XP level 2. HP: 17/21 MP: 3/3
   347 | D:1      | Reached skill level 4 in Hexes
   442 | D:1      | Reached XP level 3. HP: 26/26 MP: 5/5
  1085 | D:2      | Found a sparkling altar of Nemelex Xobeh.
  1202 | D:2      | Learned a level 3 spell: Inner Flame
  1283 | D:2      | Reached XP level 4. HP: 33/33 MP: 6/6
  1504 | D:2      | Found a faded altar of an unknown god.
  2101 | D:3      | Reached XP level 5. HP: 38/38 MP: 8/8
  2160 | D:3      | HP: 1/36 [orc wizard/+0 dagger (1)]
  2160 | D:3      | Slain by an orc wizard

Illustrated notes

Levels and vault maps discovered:
D:1:      dpeg_arrival_rooms_b, layout_basic
D:2:      minmay_razor_zed, layout_basic, dreamdust_ecumenical_altar_statues,
          basic_altar, small_statue_intersection, moated_statue,
          minmay_quantized
D:3:      layout_basic, uniq_robin

Skill      XL: |  1  2  3  4 |
---------------+-------------+-----
Hexes          | 4 |  4.7
Fighting       | 2 |  2.2
Ranged Weapons | 3 |  3.2
Spellcasting   | 2 |  2.0
Dodging        | |  1.7

Action                   |  1- 3 |  4- 6 || total
-------------------------+-------+-------++-------
 Fire: Sling             |   108 |    15 ||   123
       Longbow           |       |    66 ||    66
 Cast: Slow              |       |     1 ||     1
 Abil: Dig               |       |     1 ||     1
Armor: Robe              |    15 |    23 ||    38
Dodge: Dodged            |    46 |    48 ||    94

Table legend: (Time is in decaauts)
 A = Elapsed time spent in this place.
 B = Non-inter-level travel time spent in this place.
 C = Inter-level travel time spent in this place.
 D = Time resting spent in this place.
 E = Time spent auto-exploring this place.
 F = Levels seen in this place.
 G = Mean time per level.
                   A        B        C        D        E       F      G
               +--------+--------+--------+--------+--------+-----+--------+
         Total |   2227 |   2092 |    135 |     47 |   1618 |   3 |  742.3 |
       Dungeon |   2227 |   2092 |    135 |     47 |   1618 |   3 |  742.3 |
               +--------+--------+--------+--------+--------+-----+--------+

Top non-repeatable levels by time:
     D:2: 1066 daAuts
     D:1: 1066 daAuts
     D:3: 94 daAuts
